 Dungeon Crawl Stone Soup version 0.30-a0-887-g5d03d06 (webtiles) character file.

Game seed: 10902876876138560359

380 Illumine the Caller (level 7, -1/50 HPs)
             Began as a Meteoran Summoner on Mar 17, 2023.
             Was an Initiate of Hepliaklqana.
             Slain by a lemure (9 damage)
             ... led by Pikel
             ... on level 6 of the Dungeon.
             The game lasted 00:08:21 (1459 turns).

Illumine the Caller (Meteoran Summoner)             Turns: 1459, Time: 00:08:21

Health: -1/50      AC:  2    Str: 10    XL:     7   Next: 25%
Magic:  13/16      EV: 12    Int: 24    God:    Hepliaklqana [......]
Gold:   84         SH:  0    Dex: 15    Spells: 3/16 levels left

rFire   . . .      SeeInvis .    e - +1 short sword (venom)
rCold   . . .      Faith    .    (no shield)
rNeg    . . .      Spirit   .    a - +0 robe
rPois   .          Reflect  .    (no helmet)
rElec   .          Rampage  .    (no cloak)
rCorr   .                        (no gloves)
Will    .....                    (no boots)
Stlth   +                        l - amulet of magic regeneration
HPRegen 0.28/turn                p - +6 ring of intelligence
MPRegen 0.55/turn                (no ring)

@: glowing
A: sense surroundings 1, otherworldly, glowing, explore regen
a: Renounce Religion


You were on level 6 of the Dungeon.
You worshipped Hepliaklqana.
Hepliaklqana was noncommittal.
You visited 2 branches of the dungeon, and saw 7 of its levels.

You collected 84 gold pieces.

Inventory:

Hand Weapons
 e - a +1 short sword of venom (weapon)
 h - a +3 long sword
Missiles
 r - 8 poisoned darts
 s - a curare-tipped dart
Armour
 a - a +0 robe (worn)
 i - a +3 leather armour
Magical Staves
 d - a staff of poison
Jewellery
 l - an amulet of magic regeneration (around neck)
 p - a +6 ring of intelligence (left hand)
Wands
 m - a wand of flame (12)
Scrolls
 c - 2 scrolls of amnesia {unknown}
 j - a scroll of immolation {unknown}
 n - a scroll of poison {unknown}
 o - a scroll of brand weapon {unknown}
 t - a scroll of noise {unknown}
Potions
 b - 2 potions of magic
 f - a potion of heal wounds {unknown}
 g - 2 potions of curing {unknown}
 k - 5 potions of brilliance {unknown}
 q - a potion of mutation {unknown}


   Skills:
 - Level 2.4 Dodging
 - Level 1.4 Stealth
 + Level 5.4 Spellcasting
 - Level 3.1 Hexes
 + Level 6.8 Summonings
 * Level 2.2 Air Magic


You had 3 spell levels left.
You knew the following spells:

 Your Spells              Type           Power      Damage    Failure   Level
a - Summon Small Mammal   Summ           100%       N/A       1%          1
b - Call Imp              Summ           39%        N/A       1%          2
c - Call Canine Familiar  Summ           39%        N/A       1%          3
d - Summon Guardian Gole  Hex/Summ       30%        N/A       3%          3
e - Summon Lightning Spi  Summ/Air       28%        N/A       13%         4

Your spell library contained the following spells:

 Spells                   Type           Power      Damage    Failure   Level


Dungeon Overview and Level Annotations

Branches:
Dungeon (6/15) Zot: 2215   Temple (1/1) D:6 Zot: 525

Altars:
Cheibriados
Dithmenos
Fedhas
Hepliaklqana
Kikubaaqudgha
Nemelex Xobeh
Okawaru
Qazlal
Trog
Wu Jian
Zin

Shops:
D:6 !

Annotations:
D:6 Pikel


Innate Abilities, Weirdness & Mutations

You passively map a small area around you.
You are easily found by Zot.
You glow in the dark.
You regain HP and MP as you explore.


Message History

What are your orders? t - Shout!
Orders for allies: a - Attack new target. r - Retreat! s - Stop attacking. g - Guard the area. f - Follow me.
Anything else - Cancel.
Gang up on whom?
Press: ? - help, Dir - move target, f - Pikel
Aim: Pikel, wielding a +2 whip of freezing and wearing a +2 robe of fire resistance (flame, lightly wounded) Attack!
Your lightning spire is engulfed in blazing flames.
Your lightning spire shoots out a bolt of lightning at Pikel!
The bolt of electricity hits Pikel!
Pikel is engulfed in blazing flames.
Pikel hits your lightning spire with a +2 whip of freezing.
The lemure closely misses you.
Casting: Summon Lightning Spire (quite dangerous; 13% risk of failure)
Confirm with . or Enter, or press ? or * to list all spells.
Your lightning spire is engulfed in blazing flames.
Your lightning spire shoots out a bolt of lightning at Pikel!
The bolt of electricity hits Pikel!
The lemure closely misses you. The lemure hits you! The lemure hits you.
Pikel is engulfed in blazing flames.
Pikel hits your lightning spire with a +2 whip of freezing.
The lemure completely misses you. The lemure hits you.
Pikel is engulfed in blazing flames.
Pikel hits your lightning spire but does no damage.
Your lightning spire is engulfed in blazing flames.
The lemure barely misses you.
Unknown command.
Your hound completely misses the lemure.
Your hound closely misses the lemure.
The lemure completely misses you. The lemure hits you.
Pikel is engulfed in blazing flames.
Pikel hits your lightning spire with a +2 whip of freezing.
Your lightning spire is destroyed!
Your lightning spire disappears in a puff of smoke!
The lemure hits you!
* * * LOW HITPOINT WARNING * * *
Your hound misses the lemure. The lemure hits you.
* * * LOW HITPOINT WARNING * * *
The lemure hits you!
You die...

,,.....#.# .# , ,*
#..#.## *##.# , *
##....# ... *# > *
###..###.###.. ,, *
#..........#
#.#.#.#.#..#
#.........#**
##.#h#.#.#.## *
####...5@5.....#*
,,
*#......#☼#5#.#...
, *
..####.K.........
#.#.#5#.#.>.
**#...=.....## 8
#......#.##... * *
*....####...#*###**
, 8 ∩##. #..## * .
, ..#


You could see Pikel (ally target), 3 lemures, a friendly hound (summoned) and a
friendly crimson imp (summoned).

Vanquished Creatures
  A gnoll (D:4)
  2 dart slugs
  4 orcs (D:5)
  An endoplasm (D:4)
  A giant cockroach (D:3)
  A hobgoblin (D:3)
  A jackal (D:3)
  2 quokkas
  A ball python (D:4)
  3 bats
  A goblin (D:3)
18 creatures vanquished.

Vanquished Creatures (collateral kills)
  Grinder (D:3)
  3 gnolls (D:4)
  An adder (D:3)
  A worm (D:2)
  3 orcs
  3 endoplasms
  A giant cockroach (D:1)
  2 hobgoblins
  2 quokkas (D:1)
  A ball python (D:4)
  A bat (D:1)
  2 frilled lizards (D:2)
  7 kobolds
  2 rats (D:3)
30 creatures vanquished.

Vanquished Creatures (others)
  A lemure (D:6)
  A kobold brigand (D:6)
  A kobold (D:6)
  2 plants (D:6)
5 creatures vanquished.

Grand Total: 53 creatures vanquished

Notes
Turn   | Place    | Note
-------+----------+-------------------------------------------
     0 | D:1      | Illumine the Meteoran Summoner began the quest for the Orb.
     0 | D:1      | Reached XP level 1. HP: 14/14 MP: 5/5
    80 | D:1      | Reached skill level 5 in Summonings
   130 | D:1      | Reached XP level 2. HP: 20/20 MP: 5/7
   133 | D:1      | Learned a level 2 spell: Call Imp
   271 | D:3      | Reached XP level 3. HP: 26/26 MP: 8/8
   276 | D:3      | Learned a level 3 spell: Call Canine Familiar
   357 | D:3      | Noticed Grinder
   396 | D:2      | Learned a level 3 spell: Summon Guardian Golem
   562 | D:3      | Reached XP level 4. HP: 31/33 MP: 10/10
   747 | D:3      | Killed Grinder
   748 | D:3      | Reached skill level 5 in Spellcasting
   748 | D:3      | Reached skill level 6 in Summonings
   748 | D:3      | Reached XP level 5. HP: 38/38 MP: 8/13
   748 | D:3      | Reached XP level 6. HP: 45/45 MP: 8/14
   753 | D:3      | Learned a level 4 spell: Summon Lightning Spire
   924 | D:5      | Entered Level 5 of the Dungeon
   978 | D:4      | Reached skill level 1 in Air Magic
  1218 | D:5      | Reached XP level 7. HP: 34/50 MP: 15/15
  1251 | D:6      | Found a staircase to the Ecumenical Temple.
  1307 | Temple   | Entered the Ecumenical Temple
  1307 | Temple   | Found a transporter.
  1307 | Temple   | Found a transporter.
  1309 | Temple   | Found a transporter.
  1309 | Temple   | Found a transporter.
  1361 | Temple   | Became a worshipper of Hepliaklqana the Forgotten
  1437 | D:6      | Noticed Pikel
  1438 | D:6      | Found Cenuxes's Distillery.
  1459 | D:6      | Slain by a lemure

Illustrated notes

Levels and vault maps discovered:
D:1:      giann_horns, layout_basic
D:2:      layout_basic, minmay_puff
D:3:      layout_loops_ring, uniq_grinder
D:4:      layout_layer_cave, eino_small_chamber_without_monster,
          kennysheep_generic_room_3
D:5:      layout_loops_ring, kennysheep_little_box
D:6:      cheibrodos_barr_body, layout_rooms,
          minmay_temple_entry_gardened_gates, serial_shops, shop, shop,
          nicolae_diamond_shop, nicolae_shop_statue_plus, kennysheep_mini,
          serial_co_window_serial, co_window_corner_a, co_window_corner_a,
          co_window_of_opportunity_a, co_window_cross_1, co_window_paths_b,
          co_window_corner_a, co_window_corner_a, co_window_paths_c,
          co_window_2corner, co_window_unsneaky_path_c, co_window_corner_ca,
          glass_columns_b, glass_columns_b, glass_columns_c, glass_columns_c,
          guppyfry_shop_venom, uniq_pikel
Temple:   hellmonk_temple_divided_pantheon

Skill      XL: |  1  2  3  4  5  6  7 |
---------------+----------------------+-----
Summonings     | 5 6 |  6.8
Spellcasting   | 3 5 |  5.4
Hexes          | 3 |  3.1
Air Magic      | 1 2 |  2.2
Dodging        | |  2.4
Stealth        | |  1.4

Action                     |  1- 3 |  4- 6 |  7- 9 || total
---------------------------+-------+-------+-------++-------
  Melee: Unarmed           |     1 |       |       ||     1
         Short sword       |    21 |    26 |       ||    47
   Cast: Summon Small Mamm |    12 |       |       ||    12
         Call Imp          |     6 |     6 |     2 ||    14
         Call Canine Famil |     3 |    12 |     5 ||    20
         Summon Guardian G |       |     6 |     2 ||     8
         Summon Lightning  |       |       |     1 ||     1
 Armour: Robe              |     9 |     5 |     1 ||    15
  Dodge: Dodged            |    14 |    21 |    10 ||    45

Table legend: (Time is in decaauts)
 A = Elapsed time spent in this place.
 B = Non-inter-level travel time spent in this place.
 C = Inter-level travel time spent in this place.
 D = Time resting spent in this place.
 E = Time spent auto-exploring this place.
 F = Levels seen in this place.
 G = Mean time per level.
                   A        B        C        D        E       F      G
               +--------+--------+--------+--------+--------+-----+--------+
         Total |   1458 |   1438 |     20 |     62 |    466 |   7 |  208.3 |
       Dungeon |   1383 |   1363 |     20 |     62 |    466 |   6 |  230.5 |
        Temple |     74 |     74 |      0 |      0 |      0 |   1 |   74.0 |
               +--------+--------+--------+--------+--------+-----+--------+

Top non-repeatable levels by time:
     D:3: 381 daAuts
     D:4: 303 daAuts
     D:2: 230 daAuts
     D:1: 174 daAuts
     D:5: 159 daAuts
     D:6: 133 daAuts
  Temple: 74 daAuts
